[ AOE2 MATCH · #475008793 ]
UnrankedGoths vs Magyars
[ REPLAY ANALYSIS · EXTRACTED FROM THE RECORDED GAME ]
Feudal
13:02
Castle
18:37
Imperial
33:57
| APM avg | 32.7 |
| APM peak | 113 |
| eAPM avg | 23.8 |
| Villagers / military | 136 / 1592 |
Focus
⚔️ 51.8% · 🌾 48.2%
Spearman ×1205 · Huskarl ×383 · Mangonel ×2 · Scorpion ×2
Feudal
11:39
Castle
15:16
Imperial
28:37
| APM avg | 46.8 |
| APM peak | 104 |
| eAPM avg | 28.1 |
| Villagers / military | 187 / 380 |
Focus
⚔️ 45.6% · 🌾 54.4%
Scout Cavalry ×234 · Cavalry Archer ×140 · Battering Ram ×5 · Knight ×1
Feudal
11:47
Castle
15:18
Imperial
31:23
| APM avg | 42.2 |
| APM peak | 91 |
| eAPM avg | 25.6 |
| Villagers / military | 140 / 359 |
Focus
⚔️ 56.9% · 🌾 43.1%
Magyar Huszar ×272 · Cavalry Archer ×74 · Trade Cart ×22 · Battering Ram ×7 · Trebuchet (Packed) ×6
Feudal
10:43
Castle
14:21
Imperial
27:14
| APM avg | 26.8 |
| APM peak | 70 |
| eAPM avg | 19.2 |
| Villagers / military | 148 / 646 |
Focus
⚔️ 32.1% · 🌾 67.9%
Scout Cavalry ×365 · Knight ×157 · Obuch ×106 · Bombard Cannon ×16 · Trade Cart ×12 · Militia ×1
Feudal
11:35
Castle
15:05
Imperial
27:50
| APM avg | 31.6 |
| APM peak | 75 |
| eAPM avg | 21.6 |
| Villagers / military | 136 / 681 |
Focus
⚔️ 53.8% · 🌾 46.2%
Scout Cavalry ×342 · Knight ×320 · Battering Ram ×17 · Monk ×2
Feudal
10:37
Castle
14:14
Imperial
34:38
| APM avg | 46.5 |
| APM peak | 87 |
| eAPM avg | 20.5 |
| Villagers / military | 144 / 169 |
Focus
⚔️ 32.7% · 🌾 67.3%
Gbeto ×103 · Camel Scout ×37 · Bombard Cannon ×17 · Trade Cart ×9 · Scout Cavalry ×6 · Battering Ram ×4
Feudal
10:56
Castle
14:26
Imperial
—
| APM avg | 20.1 |
| APM peak | 80 |
| eAPM avg | 14.6 |
| Villagers / military | 199 / 11 |
Focus
⚔️ 18.0% · 🌾 82.0%
Scorpion ×6 · Scout Cavalry ×4 · Iron Pagoda ×1
Feudal
10:38
Castle
14:14
Imperial
31:11
| APM avg | 22.5 |
| APM peak | 51 |
| eAPM avg | 16.3 |
| Villagers / military | 136 / 482 |
Focus
⚔️ 41.3% · 🌾 58.7%
Spearman ×337 · Skirmisher ×123 · Trade Cart ×16 · Bombard Cannon ×9 · Hussite Wagon ×7 · Mangonel ×2
Match map
Initial resources + every placement click. Lines = walls · curves = elevation contours. ◆ gold · ⬟ stone · ● berries · ✦ relic · ◌ wall gap
Your base· ✓ Closed at 18:37 · 0t walls · 3 gate(s)
DQN's base· ✓ Closed at 15:16 · 0t walls · 3 gate(s)
zhayedan's base· ✓ Closed at 15:18 · 12t walls · 2 gate(s)
星_梦's base· ✓ Closed at 14:21 · 0t walls · 3 gate(s)
F&M's base· ✓ Closed at 15:05 · 0t walls · 2 gate(s)
垃圾小士兵's base· ✓ Closed at 14:14 · 0t walls · 3 gate(s)
TheGrainmaker's base· ✓ Closed at 14:26 · 0t walls · 2 gate(s)
不会玩游戏's base· ✓ Closed at 14:14 · 0t walls · 2 gate(s)
Smoothed initial terrain · ◌ = detected wall gap · hover for details
Inputs per minute
— JERRY - - DQN
Build order — JERRY
First 150 of 964 actions detected
| 0:02 | Create | Villager (Male) |
| 0:02 | Create | Villager (Male) |
| 0:03 | Create | Villager (Male) |
| 0:03 | Create | Villager (Male) |
| 0:03 | Create | Villager (Male) |
| 0:05 | Build | House |
| 1:29 | Create | Villager (Male) |
| 1:49 | Build | House |
| 1:50 | Build | House |
| 1:51 | Build | House |
| 1:52 | Build | House |
| 1:56 | Create | Villager (Male) |
| 2:07 | Create | Villager (Male) |
| 2:46 | Create | Villager (Male) |
| 3:02 | Create | Villager (Male) |
| 3:37 | Create | Villager (Male) |
| 3:38 | Create | Villager (Male) |
| 3:46 | Build | Mining Camp |
| 4:04 | Create | Villager (Male) |
| 4:20 | Create | Villager (Male) |
| 4:38 | Create | Villager (Male) |
| 5:09 | Create | Villager (Male) |
| 5:20 | Build | Lumber Camp |
| 5:37 | Create | Villager (Male) |
| 5:47 | Create | Villager (Male) |
| 6:21 | Create | Villager (Male) |
| 6:22 | Create | Villager (Male) |
| 6:47 | Create | Villager (Male) |
| 6:59 | Create | Villager (Male) |
| 7:29 | Create | Villager (Male) |
| 8:09 | Create | Villager (Male) |
| 9:09 | Create | Villager (Male) |
| 9:10 | Create | Villager (Male) |
| 9:10 | Create | Villager (Male) |
| 10:45 | Research | Feudal Age |
| 10:51 | Build | Mill |
| 11:18 | Build | House |
| 11:19 | Build | House |
| 12:13 | Build | House |
| 12:31 | Create | Villager (Male) |
| 12:32 | Create | Villager (Male) |
| 13:02 | Age | Feudal Age |
| 13:08 | Build | Market |
| 13:11 | Build | Blacksmith |
| 13:20 | Create | Villager (Male) |
| 13:24 | Research | Horse Collar |
| 13:42 | Build | Farm |
| 13:44 | Build | Farm |
| 13:46 | Build | Farm |
| 13:46 | Build | Farm |
| 13:47 | Build | Farm |
| 13:56 | Build | Farm |
| 13:56 | Build | Farm |
| 13:57 | Build | Farm |
| 14:00 | Build | Farm |
| 14:01 | Build | Farm |
| 14:02 | Build | Farm |
| 14:03 | Build | Farm |
| 14:11 | Create | Villager (Male) |
| 14:35 | Create | Villager (Male) |
| 14:55 | Create | Villager (Male) |
| 15:18 | Build | Farm |
| 15:27 | Build | Farm |
| 15:30 | Create | Villager (Male) |
| 15:55 | Research | Castle Age |
| 16:01 | Build | Mining Camp |
| 16:11 | Build | Farm |
| 16:12 | Build | Farm |
| 16:13 | Build | Farm |
| 16:15 | Build | Farm |
| 16:16 | Build | Farm |
| 16:33 | Research | Double-Bit Axe |
| 16:42 | Build | Lumber Camp |
| 16:56 | Build | House |
| 17:32 | Research | Gold Mining |
| 17:34 | Research | Stone Mining |
| 18:07 | Research | Wheelbarrow |
| 18:37 | Age | Castle Age |
| 18:47 | Build | Siege Workshop |
| 18:53 | Research | Bow Saw |
| 19:01 | Build | Town Center |
| 19:27 | Create | Villager (Male) |
| 19:27 | Create | Villager (Male) |
| 19:28 | Create | Villager (Male) |
| 19:28 | Create | Villager (Male) |
| 19:28 | Create | Villager (Male) |
| 19:38 | Create | Villager (Male) |
| 19:38 | Create | Villager (Male) |
| 19:39 | Create | Villager (Male) |
| 19:39 | Create | Villager (Male) |
| 19:39 | Create | Villager (Male) |
| 19:40 | Create | Villager (Male) |
| 20:33 | Build | Town Center |
| 20:38 | Create | Villager (Male) |
| 20:39 | Create | Villager (Male) |
| 21:12 | Create | Villager (Male) |
| 21:12 | Create | Villager (Male) |
| 21:13 | Create | Villager (Male) |
| 21:25 | Research | Heavy Plow |
| 21:44 | Build | Barracks |
| 21:49 | Create | Villager (Male) |
| 21:50 | Create | Villager (Male) |
| 21:51 | Create | Villager (Male) |
| 21:51 | Create | Villager (Male) |
| 21:54 | Create | Villager (Male) |
| 22:20 | Build | Farm |
| 22:21 | Build | Farm |
| 22:26 | Build | Barracks |
| 22:28 | Research | Pikeman (upgrade) |
| 22:33 | Create | Villager (Male) |
| 22:34 | Create | Villager (Male) |
| 22:34 | Create | Villager (Male) |
| 22:34 | Create | Villager (Male) |
| 22:45 | Build | House |
| 22:46 | Build | House |
| 22:48 | Build | House |
| 22:49 | Build | House |
| 22:49 | Build | House |
| 22:54 | Build | House |
| 22:55 | Build | House |
| 23:03 | Research | Hand Cart |
| 23:11 | Create | Spearman |
| 23:11 | Create | Spearman |
| 23:11 | Create | Spearman |
| 23:12 | Create | Spearman |
| 23:12 | Create | Spearman |
| 23:12 | Create | Spearman |
| 23:18 | Build | Barracks |
| 23:24 | Research | Scale Mail Armor |
| 23:25 | Research | Forging |
| 23:35 | Create | Villager (Male) |
| 23:36 | Create | Villager (Male) |
| 23:39 | Create | Spearman |
| 24:00 | Create | Spearman |
| 24:01 | Create | Spearman |
| 24:02 | Research | Squires |
| 24:02 | Create | Spearman |
| 24:03 | Create | Spearman |
| 24:32 | Build | Town Center |
| 24:40 | Create | Villager (Male) |
| 24:41 | Create | Villager (Male) |
| 24:41 | Create | Villager (Male) |
| 24:41 | Create | Villager (Male) |
| 24:42 | Create | Villager (Male) |
| 24:42 | Create | Villager (Male) |
| 24:42 | Create | Villager (Male) |
| 24:44 | Create | Spearman |
| 24:44 | Create | Spearman |
| 24:44 | Create | Spearman |
| 24:44 | Create | Spearman |
Build order — DQN
First 150 of 762 actions detected
| 0:07 | Create | Villager (Male) |
| 0:07 | Create | Villager (Male) |
| 0:07 | Create | Villager (Male) |
| 0:08 | Create | Villager (Male) |
| 1:22 | Create | Villager (Male) |
| 1:55 | Build | Lumber Camp |
| 2:13 | Create | Villager (Male) |
| 2:29 | Create | Villager (Male) |
| 2:29 | Create | Villager (Male) |
| 3:07 | Create | Villager (Male) |
| 3:08 | Create | Villager (Male) |
| 3:08 | Create | Villager (Male) |
| 3:41 | Create | Villager (Male) |
| 4:29 | Create | Villager (Male) |
| 4:29 | Create | Villager (Male) |
| 4:29 | Create | Villager (Male) |
| 4:45 | Build | Mill |
| 5:07 | Create | Villager (Male) |
| 5:32 | Create | Villager (Male) |
| 6:00 | Create | Villager (Male) |
| 6:27 | Build | Mill |
| 6:52 | Create | Villager (Male) |
| 6:53 | Create | Villager (Male) |
| 6:53 | Create | Villager (Male) |
| 6:53 | Create | Villager (Male) |
| 6:54 | Create | Villager (Male) |
| 7:14 | Create | Villager (Male) |
| 8:16 | Create | Villager (Male) |
| 8:19 | Build | Lumber Camp |
| 8:23 | Create | Villager (Male) |
| 9:23 | Build | Mining Camp |
| 9:27 | Research | Feudal Age |
| 9:57 | Create | Villager (Male) |
| 9:57 | Create | Villager (Male) |
| 11:04 | Build | Farm |
| 11:10 | Build | Farm |
| 11:13 | Build | Farm |
| 11:16 | Build | Farm |
| 11:39 | Age | Feudal Age |
| 11:41 | Build | Market |
| 11:54 | Build | Blacksmith |
| 12:16 | Research | Double-Bit Axe |
| 12:16 | Research | Double-Bit Axe |
| 12:36 | Research | Castle Age |
| 12:49 | Research | Horse Collar |
| 12:53 | Build | Farm |
| 13:25 | Build | Farm |
| 13:35 | Create | Villager (Male) |
| 13:35 | Create | Villager (Male) |
| 13:35 | Create | Villager (Male) |
| 14:14 | Build | Farm |
| 14:53 | Create | Villager (Male) |
| 15:16 | Age | Castle Age |
| 15:18 | Build | Town Center |
| 15:21 | Build | Town Center |
| 15:31 | Research | Bow Saw |
| 15:56 | Build | Farm |
| 16:00 | Create | Villager (Male) |
| 16:00 | Create | Villager (Male) |
| 16:09 | Create | Villager (Male) |
| 16:10 | Create | Villager (Male) |
| 16:17 | Build | Farm |
| 16:25 | Create | Villager (Male) |
| 16:26 | Create | Villager (Male) |
| 16:35 | Research | Heavy Plow |
| 16:35 | Research | Heavy Plow |
| 16:46 | Build | Farm |
| 16:56 | Build | Farm |
| 17:15 | Build | Farm |
| 17:18 | Build | Farm |
| 17:19 | Create | Villager (Male) |
| 17:20 | Create | Villager (Male) |
| 17:21 | Create | Villager (Male) |
| 17:23 | Build | Farm |
| 17:27 | Build | Farm |
| 17:31 | Build | Farm |
| 17:34 | Create | Villager (Male) |
| 17:52 | Create | Villager (Male) |
| 17:52 | Create | Villager (Male) |
| 17:53 | Create | Villager (Male) |
| 17:55 | Build | Farm |
| 17:57 | Build | Farm |
| 18:07 | Build | Farm |
| 18:10 | Create | Villager (Male) |
| 18:11 | Create | Villager (Male) |
| 18:11 | Create | Villager (Male) |
| 18:11 | Create | Villager (Male) |
| 18:14 | Build | Farm |
| 18:17 | Build | Farm |
| 18:21 | Build | Farm |
| 18:24 | Build | Farm |
| 18:30 | Create | Villager (Male) |
| 18:34 | Build | Farm |
| 18:41 | Build | Farm |
| 18:42 | Create | Villager (Male) |
| 18:42 | Create | Villager (Male) |
| 18:42 | Create | Villager (Male) |
| 18:44 | Build | Farm |
| 19:02 | Create | Villager (Male) |
| 19:02 | Create | Villager (Male) |
| 19:06 | Build | Farm |
| 19:07 | Create | Villager (Male) |
| 19:09 | Build | Farm |
| 19:12 | Build | Farm |
| 19:16 | Build | Farm |
| 19:24 | Research | Wheelbarrow |
| 19:31 | Create | Villager (Male) |
| 19:38 | Build | Farm |
| 19:40 | Create | Villager (Male) |
| 19:40 | Create | Villager (Male) |
| 19:42 | Build | Farm |
| 19:52 | Research | Gold Mining |
| 20:00 | Build | Farm |
| 20:03 | Build | Farm |
| 20:11 | Create | Villager (Male) |
| 20:12 | Create | Villager (Male) |
| 20:17 | Create | Villager (Male) |
| 20:17 | Create | Villager (Male) |
| 20:17 | Create | Villager (Male) |
| 20:25 | Create | Villager (Male) |
| 20:26 | Create | Villager (Male) |
| 20:31 | Build | Barracks |
| 20:36 | Build | Farm |
| 20:38 | Create | Villager (Male) |
| 20:38 | Create | Villager (Male) |
| 20:38 | Create | Villager (Male) |
| 21:06 | Research | Hand Cart |
| 21:18 | Create | Villager (Male) |
| 21:18 | Create | Villager (Male) |
| 21:18 | Create | Villager (Male) |
| 21:18 | Create | Villager (Male) |
| 21:32 | Create | Villager (Male) |
| 21:34 | Create | Villager (Male) |
| 21:36 | Build | Farm |
| 21:39 | Build | Farm |
| 21:41 | Build | Farm |
| 21:43 | Create | Villager (Male) |
| 21:43 | Create | Villager (Male) |
| 21:44 | Create | Villager (Male) |
| 22:12 | Build | Archery Range |
| 22:21 | Create | Villager (Male) |
| 22:21 | Create | Villager (Male) |
| 22:22 | Create | Villager (Male) |
| 22:27 | Build | Mining Camp |
| 22:29 | Research | Stone Mining |
| 23:03 | Build | University |
| 23:17 | Create | Villager (Male) |
| 23:17 | Create | Villager (Male) |
| 23:18 | Create | Villager (Male) |
| 23:21 | Build | Farm |
Build order — zhayedan
First 150 of 761 actions detected
| 0:01 | Create | Villager (Male) |
| 0:01 | Create | Villager (Male) |
| 0:03 | Build | House |
| 0:05 | Build | House |
| 0:25 | Create | Villager (Male) |
| 0:39 | Create | Villager (Male) |
| 0:58 | Build | Palisade Wall |
| 1:11 | Build | Palisade Wall |
| 1:14 | Build | Palisade Wall |
| 1:16 | Build | Palisade Wall |
| 1:21 | Build | Palisade Wall |
| 1:22 | Build | Palisade Wall |
| 1:26 | Build | Palisade Wall |
| 1:30 | Build | Palisade Wall |
| 1:35 | Build | Palisade Wall |
| 1:36 | Create | Villager (Male) |
| 1:41 | Build | Palisade Wall |
| 1:45 | Build | Palisade Wall |
| 1:49 | Build | Palisade Wall |
| 1:59 | Create | Villager (Male) |
| 2:18 | Build | Lumber Camp |
| 2:28 | Create | Villager (Male) |
| 2:53 | Create | Villager (Male) |
| 3:03 | Create | Villager (Male) |
| 3:28 | Build | House |
| 3:35 | Create | Villager (Male) |
| 4:05 | Build | House |
| 4:12 | Create | Villager (Male) |
| 4:26 | Create | Villager (Male) |
| 4:31 | Build | House |
| 4:46 | Create | Villager (Male) |
| 5:05 | Create | Villager (Male) |
| 5:29 | Build | Mill |
| 5:36 | Create | Villager (Male) |
| 6:08 | Create | Villager (Male) |
| 6:15 | Create | Villager (Male) |
| 6:39 | Create | Villager (Male) |
| 6:47 | Create | Villager (Male) |
| 6:47 | Create | Villager (Male) |
| 7:43 | Create | Villager (Male) |
| 8:04 | Build | Farm |
| 8:31 | Create | Villager (Male) |
| 8:36 | Build | Farm |
| 9:05 | Create | Villager (Male) |
| 9:10 | Build | Farm |
| 9:27 | Research | Feudal Age |
| 9:45 | Build | Mining Camp |
| 9:49 | Build | Mining Camp |
| 11:00 | Create | Villager (Male) |
| 11:01 | Create | Villager (Male) |
| 11:47 | Age | Feudal Age |
| 11:51 | Build | Market |
| 11:54 | Build | Blacksmith |
| 12:03 | Research | Double-Bit Axe |
| 12:38 | Research | Castle Age |
| 12:44 | Research | Horse Collar |
| 13:13 | Build | House |
| 13:14 | Build | House |
| 13:21 | Build | Farm |
| 13:38 | Build | Farm |
| 13:56 | Build | Farm |
| 14:34 | Create | Villager (Male) |
| 15:04 | Build | Farm |
| 15:06 | Build | Farm |
| 15:14 | Create | Villager (Male) |
| 15:18 | Age | Castle Age |
| 15:22 | Build | Castle |
| 15:36 | Research | Bow Saw |
| 15:43 | Create | Villager (Male) |
| 15:49 | Create | Villager (Male) |
| 15:56 | Build | Town Center |
| 16:48 | Create | Magyar Huszar |
| 16:49 | Create | Magyar Huszar |
| 16:49 | Create | Magyar Huszar |
| 16:52 | Create | Villager (Male) |
| 16:55 | Build | Barracks |
| 17:00 | Build | Farm |
| 17:02 | Create | Villager (Male) |
| 17:12 | Build | Farm |
| 17:13 | Create | Villager (Male) |
| 17:24 | Create | Magyar Huszar |
| 17:27 | Create | Villager (Male) |
| 17:28 | Create | Villager (Male) |
| 17:33 | Build | Farm |
| 17:41 | Create | Magyar Huszar |
| 17:52 | Create | Magyar Huszar |
| 17:59 | Build | Stable |
| 18:01 | Create | Villager (Male) |
| 18:05 | Build | Farm |
| 18:12 | Build | Farm |
| 18:18 | Create | Magyar Huszar |
| 18:23 | Build | Farm |
| 18:24 | Create | Villager (Male) |
| 18:31 | Create | Villager (Male) |
| 18:31 | Create | Villager (Male) |
| 18:32 | Build | Farm |
| 18:49 | Create | Magyar Huszar |
| 18:51 | Build | Farm |
| 18:52 | Create | Villager (Male) |
| 18:59 | Build | Farm |
| 19:02 | Build | Farm |
| 19:06 | Create | Villager (Male) |
| 19:10 | Build | Farm |
| 19:14 | Create | Magyar Huszar |
| 19:23 | Create | Villager (Male) |
| 19:34 | Create | Villager (Male) |
| 19:34 | Create | Villager (Male) |
| 19:43 | Build | Farm |
| 19:44 | Create | Villager (Male) |
| 19:48 | Build | Farm |
| 19:54 | Create | Villager (Male) |
| 19:58 | Create | Villager (Male) |
| 20:16 | Create | Villager (Male) |
| 20:18 | Build | Town Center |
| 20:25 | Create | Villager (Male) |
| 20:27 | Create | Magyar Huszar |
| 20:38 | Create | Villager (Male) |
| 20:48 | Research | Scale Barding Armor |
| 20:49 | Create | Villager (Male) |
| 20:56 | Create | Villager (Male) |
| 21:15 | Create | Villager (Male) |
| 21:16 | Create | Villager (Male) |
| 21:19 | Build | Mill |
| 21:20 | Build | Farm |
| 21:20 | Build | Farm |
| 21:21 | Build | Farm |
| 21:21 | Build | Farm |
| 21:21 | Build | Farm |
| 21:22 | Build | Farm |
| 21:25 | Create | Villager (Male) |
| 21:30 | Create | Magyar Huszar |
| 21:31 | Create | Magyar Huszar |
| 21:34 | Build | Farm |
| 21:49 | Create | Villager (Male) |
| 21:50 | Create | Magyar Huszar |
| 21:56 | Create | Villager (Male) |
| 22:05 | Create | Villager (Male) |
| 22:10 | Build | Farm |
| 22:12 | Build | Farm |
| 22:14 | Build | Farm |
| 22:17 | Build | Farm |
| 22:18 | Build | Farm |
| 22:19 | Create | Villager (Male) |
| 22:26 | Create | Villager (Male) |
| 22:30 | Create | Magyar Huszar |
| 22:36 | Create | Villager (Male) |
| 22:37 | Build | House |
| 22:38 | Create | Villager (Male) |
| 22:39 | Build | House |
| 22:40 | Build | House |
Build order — 星_梦
First 150 of 560 actions detected
| 0:00 | Create | Villager (Male) |
| 0:00 | Create | Villager (Male) |
| 0:01 | Create | Villager (Male) |
| 0:03 | Build | House |
| 0:04 | Build | House |
| 0:09 | Create | Villager (Male) |
| 1:25 | Create | Villager (Male) |
| 1:52 | Create | Villager (Male) |
| 2:09 | Build | Lumber Camp |
| 2:24 | Create | Villager (Male) |
| 2:24 | Create | Villager (Male) |
| 2:59 | Create | Villager (Male) |
| 3:22 | Build | House |
| 3:24 | Build | House |
| 3:30 | Create | Villager (Male) |
| 3:53 | Create | Villager (Male) |
| 3:54 | Create | Villager (Male) |
| 4:29 | Create | Villager (Male) |
| 4:57 | Create | Villager (Male) |
| 5:54 | Create | Villager (Male) |
| 5:54 | Create | Villager (Male) |
| 6:18 | Build | Mill |
| 6:23 | Create | Villager (Male) |
| 6:24 | Create | Villager (Male) |
| 6:54 | Build | Farm |
| 7:14 | Build | Mill |
| 7:43 | Create | Villager (Male) |
| 7:44 | Create | Villager (Male) |
| 8:15 | Build | Mining Camp |
| 8:27 | Research | Feudal Age |
| 9:06 | Create | Villager (Male) |
| 9:07 | Create | Villager (Male) |
| 10:43 | Age | Feudal Age |
| 10:45 | Build | Market |
| 10:46 | Build | Blacksmith |
| 11:07 | Research | Horse Collar |
| 11:41 | Research | Castle Age |
| 11:58 | Research | Double-Bit Axe |
| 13:18 | Create | Villager (Male) |
| 13:18 | Research | Loom |
| 13:24 | Build | Farm |
| 14:21 | Age | Castle Age |
| 14:22 | Build | Town Center |
| 14:24 | Build | Town Center |
| 14:26 | Create | Villager (Male) |
| 14:26 | Research | Heavy Plow |
| 14:39 | Research | Bow Saw |
| 14:58 | Build | Farm |
| 15:08 | Create | Villager (Male) |
| 15:11 | Build | Farm |
| 15:19 | Build | Farm |
| 15:30 | Create | Villager (Male) |
| 15:33 | Build | Farm |
| 15:41 | Create | Villager (Male) |
| 15:41 | Create | Villager (Male) |
| 15:52 | Create | Villager (Male) |
| 15:56 | Build | Farm |
| 16:02 | Build | Farm |
| 16:03 | Create | Villager (Male) |
| 16:10 | Create | Villager (Male) |
| 16:17 | Build | Farm |
| 16:24 | Create | Villager (Male) |
| 16:28 | Create | Villager (Male) |
| 16:31 | Build | Farm |
| 16:37 | Create | Villager (Male) |
| 16:44 | Build | Farm |
| 16:46 | Create | Villager (Male) |
| 16:51 | Create | Villager (Male) |
| 16:55 | Build | Farm |
| 16:59 | Create | Villager (Male) |
| 17:09 | Create | Villager (Male) |
| 17:10 | Create | Villager (Male) |
| 17:22 | Build | Town Center |
| 17:24 | Create | Villager (Male) |
| 17:32 | Create | Villager (Male) |
| 17:34 | Build | Farm |
| 17:38 | Build | Farm |
| 17:41 | Create | Villager (Male) |
| 17:48 | Build | House |
| 17:54 | Build | Farm |
| 17:55 | Research | Wheelbarrow |
| 18:10 | Create | Villager (Male) |
| 18:14 | Build | House |
| 18:15 | Create | Villager (Male) |
| 18:20 | Build | Farm |
| 18:21 | Build | Farm |
| 18:23 | Create | Villager (Male) |
| 18:26 | Build | House |
| 18:41 | Create | Villager (Male) |
| 18:50 | Build | Town Center |
| 18:52 | Create | Villager (Male) |
| 19:05 | Build | Mill |
| 19:06 | Create | Villager (Male) |
| 19:07 | Create | Villager (Male) |
| 19:07 | Create | Villager (Male) |
| 19:11 | Build | House |
| 19:12 | Build | House |
| 19:13 | Create | Villager (Male) |
| 19:22 | Build | House |
| 19:30 | Create | Villager (Male) |
| 19:33 | Create | Villager (Male) |
| 19:36 | Create | Villager (Male) |
| 19:36 | Create | Villager (Male) |
| 19:43 | Build | Farm |
| 19:43 | Build | Farm |
| 19:43 | Build | Farm |
| 19:43 | Build | Farm |
| 19:54 | Create | Villager (Male) |
| 19:56 | Build | Farm |
| 20:03 | Build | Mining Camp |
| 20:04 | Create | Villager (Male) |
| 20:11 | Create | Villager (Male) |
| 20:11 | Create | Villager (Male) |
| 20:12 | Create | Villager (Male) |
| 20:16 | Build | House |
| 20:18 | Build | House |
| 20:19 | Create | Villager (Male) |
| 20:19 | Create | Villager (Male) |
| 20:25 | Build | Farm |
| 20:25 | Build | Farm |
| 20:25 | Build | Farm |
| 20:27 | Create | Villager (Male) |
| 20:34 | Build | Mill |
| 20:36 | Build | Farm |
| 20:36 | Build | Farm |
| 20:37 | Create | Villager (Male) |
| 20:38 | Create | Villager (Male) |
| 20:40 | Build | Farm |
| 20:41 | Build | Farm |
| 20:46 | Create | Villager (Male) |
| 20:53 | Create | Villager (Male) |
| 20:53 | Create | Villager (Male) |
| 20:58 | Build | University |
| 21:00 | Create | Villager (Male) |
| 21:00 | Create | Villager (Male) |
| 21:00 | Create | Villager (Male) |
| 21:04 | Build | House |
| 21:15 | Create | Villager (Male) |
| 21:15 | Create | Villager (Male) |
| 21:20 | Build | Lumber Camp |
| 21:26 | Research | Gold Mining |
| 21:26 | Research | Stone Mining |
| 21:27 | Create | Villager (Male) |
| 21:32 | Build | Farm |
| 21:35 | Build | Farm |
| 21:37 | Build | Farm |
| 21:39 | Build | Farm |
| 21:41 | Create | Villager (Male) |
| 21:41 | Create | Villager (Male) |
| 21:42 | Create | Villager (Male) |
Build order — F&M
First 150 of 866 actions detected
| 0:01 | Create | Villager (Male) |
| 0:02 | Create | Villager (Male) |
| 0:02 | Create | Villager (Male) |
| 0:02 | Create | Villager (Male) |
| 0:03 | Build | House |
| 0:06 | Build | House |
| 1:24 | Create | Villager (Male) |
| 1:50 | Build | Lumber Camp |
| 1:52 | Create | Villager (Male) |
| 2:16 | Create | Villager (Male) |
| 2:45 | Create | Villager (Male) |
| 3:07 | Create | Villager (Male) |
| 3:07 | Create | Villager (Male) |
| 3:35 | Build | Mill |
| 3:40 | Create | Villager (Male) |
| 4:11 | Create | Villager (Male) |
| 4:48 | Create | Villager (Male) |
| 4:48 | Create | Villager (Male) |
| 4:48 | Create | Villager (Male) |
| 5:40 | Create | Villager (Male) |
| 5:47 | Create | Villager (Male) |
| 6:12 | Build | Mill |
| 6:19 | Create | Villager (Male) |
| 6:19 | Create | Villager (Male) |
| 6:20 | Create | Villager (Male) |
| 6:48 | Create | Villager (Male) |
| 7:06 | Create | Villager (Male) |
| 7:06 | Create | Villager (Male) |
| 7:28 | Create | Villager (Male) |
| 7:57 | Create | Villager (Male) |
| 8:24 | Build | Mill |
| 8:51 | Build | Mining Camp |
| 9:18 | Research | Feudal Age |
| 10:32 | Build | Farm |
| 10:33 | Build | Farm |
| 10:36 | Build | Farm |
| 10:38 | Build | Farm |
| 10:51 | Create | Villager (Male) |
| 10:51 | Create | Villager (Male) |
| 11:35 | Age | Feudal Age |
| 11:37 | Build | Blacksmith |
| 11:38 | Build | Market |
| 11:45 | Research | Horse Collar |
| 12:01 | Research | Double-Bit Axe |
| 12:25 | Research | Castle Age |
| 12:34 | Build | House |
| 12:35 | Build | House |
| 14:44 | Research | Wheelbarrow |
| 15:05 | Age | Castle Age |
| 15:09 | Build | Town Center |
| 15:13 | Build | Town Center |
| 15:19 | Research | Bow Saw |
| 15:19 | Research | Heavy Plow |
| 15:29 | Build | Monastery |
| 15:33 | Create | Villager (Male) |
| 16:03 | Build | Farm |
| 16:05 | Build | Farm |
| 16:27 | Create | Villager (Male) |
| 16:30 | Create | Villager (Male) |
| 16:32 | Create | Monk |
| 16:43 | Create | Villager (Male) |
| 16:44 | Create | Villager (Male) |
| 16:45 | Create | Villager (Male) |
| 16:52 | Build | Farm |
| 16:52 | Build | Farm |
| 16:53 | Create | Villager (Male) |
| 16:58 | Create | Villager (Male) |
| 17:03 | Build | Farm |
| 17:04 | Build | Farm |
| 17:05 | Create | Villager (Male) |
| 17:10 | Create | Villager (Male) |
| 17:16 | Build | House |
| 17:16 | Build | House |
| 17:28 | Build | Farm |
| 17:28 | Build | Farm |
| 17:29 | Create | Villager (Male) |
| 17:34 | Build | Farm |
| 17:34 | Create | Villager (Male) |
| 17:39 | Create | Villager (Male) |
| 17:52 | Create | Villager (Male) |
| 17:53 | Create | Villager (Male) |
| 17:58 | Build | Farm |
| 17:59 | Build | Farm |
| 18:00 | Build | Farm |
| 18:01 | Build | Farm |
| 18:03 | Create | Villager (Male) |
| 18:12 | Create | Villager (Male) |
| 18:13 | Build | Farm |
| 18:14 | Create | Villager (Male) |
| 18:16 | Create | Villager (Male) |
| 18:27 | Build | Mill |
| 18:34 | Build | Mill |
| 18:35 | Create | Villager (Male) |
| 18:36 | Create | Villager (Male) |
| 18:38 | Build | Farm |
| 18:39 | Create | Villager (Male) |
| 19:03 | Build | Town Center |
| 19:04 | Create | Villager (Male) |
| 19:14 | Create | Villager (Male) |
| 19:19 | Build | Mining Camp |
| 19:20 | Create | Villager (Male) |
| 19:22 | Create | Villager (Male) |
| 19:40 | Build | Farm |
| 19:43 | Create | Villager (Male) |
| 19:46 | Create | Villager (Male) |
| 19:49 | Build | Farm |
| 19:50 | Create | Villager (Male) |
| 19:55 | Build | Farm |
| 19:56 | Build | Farm |
| 19:57 | Create | Villager (Male) |
| 20:02 | Create | Villager (Male) |
| 20:05 | Create | Monk |
| 20:26 | Create | Villager (Male) |
| 20:26 | Create | Villager (Male) |
| 20:30 | Research | Hand Cart |
| 20:34 | Build | Farm |
| 20:35 | Build | Mill |
| 20:37 | Create | Villager (Male) |
| 20:41 | Create | Villager (Male) |
| 20:43 | Build | Farm |
| 20:44 | Create | Villager (Male) |
| 20:48 | Build | Farm |
| 20:50 | Create | Villager (Male) |
| 21:00 | Build | Farm |
| 21:00 | Create | Villager (Male) |
| 21:02 | Create | Villager (Male) |
| 21:06 | Build | Farm |
| 21:07 | Create | Villager (Male) |
| 21:10 | Create | Villager (Male) |
| 21:16 | Build | Farm |
| 21:17 | Create | Villager (Male) |
| 21:20 | Create | Villager (Male) |
| 21:23 | Create | Villager (Male) |
| 21:26 | Research | Stone Mining |
| 21:29 | Research | Gold Mining |
| 21:30 | Create | Villager (Male) |
| 21:32 | Create | Villager (Male) |
| 21:36 | Build | Farm |
| 21:37 | Create | Villager (Male) |
| 21:43 | Create | Villager (Male) |
| 21:47 | Build | Farm |
| 21:48 | Create | Villager (Male) |
| 21:53 | Create | Villager (Male) |
| 22:01 | Build | Farm |
| 22:02 | Build | Farm |
| 22:03 | Create | Villager (Male) |
| 22:10 | Build | House |
| 22:10 | Build | House |
| 22:13 | Build | House |
| 22:13 | Build | House |
Build order — 垃圾小士兵
First 150 of 476 actions detected
| 0:01 | Create | Villager (Male) |
| 0:01 | Create | Villager (Male) |
| 0:02 | Build | House |
| 0:04 | Build | House |
| 0:30 | Create | Villager (Male) |
| 0:30 | Create | Villager (Male) |
| 1:31 | Create | Villager (Male) |
| 1:44 | Build | Lumber Camp |
| 1:56 | Create | Villager (Male) |
| 2:19 | Create | Villager (Male) |
| 2:54 | Create | Villager (Male) |
| 3:02 | Create | Villager (Male) |
| 3:24 | Build | House |
| 3:25 | Build | House |
| 3:35 | Create | Villager (Male) |
| 3:51 | Build | House |
| 4:06 | Create | Villager (Male) |
| 4:30 | Create | Villager (Male) |
| 4:42 | Build | Mill |
| 4:51 | Create | Villager (Male) |
| 5:21 | Create | Villager (Male) |
| 5:28 | Create | Villager (Male) |
| 5:31 | Build | Mill |
| 5:49 | Create | Villager (Male) |
| 6:01 | Create | Villager (Male) |
| 6:08 | Build | Farm |
| 6:47 | Create | Villager (Male) |
| 7:09 | Create | Villager (Male) |
| 7:26 | Create | Villager (Male) |
| 8:00 | Build | Mining Camp |
| 8:27 | Research | Feudal Age |
| 8:29 | Build | Mining Camp |
| 8:54 | Create | Villager (Male) |
| 8:54 | Create | Villager (Male) |
| 10:37 | Age | Feudal Age |
| 10:40 | Build | Market |
| 10:45 | Build | Blacksmith |
| 11:34 | Research | Castle Age |
| 11:34 | Research | Castle Age |
| 12:46 | Research | Double-Bit Axe |
| 12:47 | Research | Horse Collar |
| 13:25 | Create | Villager (Male) |
| 14:14 | Age | Castle Age |
| 14:29 | Build | Castle |
| 14:33 | Create | Villager (Male) |
| 14:38 | Build | Farm |
| 14:39 | Build | Farm |
| 14:42 | Build | Farm |
| 14:47 | Create | Villager (Male) |
| 15:03 | Build | Farm |
| 15:04 | Create | Villager (Male) |
| 15:06 | Build | House |
| 15:26 | Build | Farm |
| 15:31 | Build | Farm |
| 15:31 | Create | Villager (Male) |
| 15:41 | Create | Villager (Male) |
| 15:49 | Build | Farm |
| 15:51 | Create | Villager (Male) |
| 15:53 | Build | House |
| 15:57 | Create | Gbeto |
| 15:57 | Create | Gbeto |
| 15:57 | Create | Gbeto |
| 16:16 | Create | Gbeto |
| 16:21 | Build | Farm |
| 16:25 | Build | House |
| 16:43 | Create | Gbeto |
| 16:48 | Create | Villager (Male) |
| 16:53 | Build | Farm |
| 17:05 | Create | Gbeto |
| 17:08 | Create | Gbeto |
| 17:12 | Build | Farm |
| 17:14 | Build | Farm |
| 17:17 | Create | Gbeto |
| 17:23 | Build | Farm |
| 17:27 | Build | Farm |
| 17:33 | Create | Villager (Male) |
| 17:40 | Build | Farm |
| 17:48 | Create | Villager (Male) |
| 18:08 | Create | Petard |
| 18:15 | Build | Farm |
| 18:17 | Build | Farm |
| 18:18 | Create | Villager (Male) |
| 18:21 | Build | Farm |
| 18:21 | Create | Villager (Male) |
| 18:41 | Create | Petard |
| 18:52 | Create | Villager (Male) |
| 18:57 | Build | Farm |
| 19:06 | Create | Gbeto |
| 19:15 | Create | Gbeto |
| 19:16 | Create | Villager (Male) |
| 19:30 | Research | Scale Mail Armor |
| 19:57 | Create | Gbeto |
| 19:59 | Create | Gbeto |
| 20:05 | Create | Villager (Male) |
| 20:21 | Create | Villager (Male) |
| 20:29 | Build | Siege Workshop |
| 20:37 | Create | Gbeto |
| 21:00 | Create | Gbeto |
| 21:00 | Create | Gbeto |
| 21:01 | Create | Villager (Male) |
| 21:02 | Create | Villager (Male) |
| 21:16 | Create | Gbeto |
| 21:33 | Create | Gbeto |
| 21:49 | Create | Villager (Male) |
| 21:53 | Create | Battering Ram |
| 21:53 | Create | Battering Ram |
| 22:11 | Create | Gbeto |
| 22:11 | Create | Gbeto |
| 22:23 | Create | Villager (Male) |
| 22:25 | Create | Villager (Male) |
| 22:29 | Create | Gbeto |
| 22:31 | Build | House |
| 22:32 | Build | House |
| 22:43 | Build | Town Center |
| 22:47 | Research | Wheelbarrow |
| 22:51 | Build | House |
| 22:52 | Build | House |
| 23:01 | Create | Gbeto |
| 23:06 | Create | Gbeto |
| 23:08 | Create | Villager (Male) |
| 23:25 | Create | Gbeto |
| 23:26 | Create | Villager (Male) |
| 23:35 | Research | Forging |
| 23:55 | Create | Gbeto |
| 24:03 | Create | Gbeto |
| 24:06 | Create | Battering Ram |
| 24:06 | Create | Battering Ram |
| 24:32 | Create | Villager (Male) |
| 24:35 | Build | Farm |
| 24:47 | Create | Gbeto |
| 24:50 | Create | Gbeto |
| 24:51 | Create | Villager (Male) |
| 24:51 | Create | Villager (Male) |
| 24:52 | Create | Villager (Male) |
| 24:54 | Build | Farm |
| 24:54 | Build | Farm |
| 24:55 | Build | Farm |
| 25:07 | Create | Gbeto |
| 25:11 | Create | Villager (Male) |
| 25:40 | Create | Gbeto |
| 25:40 | Create | Gbeto |
| 26:03 | Create | Villager (Male) |
| 26:03 | Create | Villager (Male) |
| 26:04 | Create | Villager (Male) |
| 26:04 | Create | Villager (Male) |
| 26:07 | Build | Farm |
| 26:07 | Build | Farm |
| 26:09 | Create | Villager (Male) |
| 26:29 | Create | Villager (Male) |
| 26:30 | Create | Gbeto |
Build order — TheGrainmaker
First 150 of 323 actions detected
| 0:01 | Create | Villager (Male) |
| 0:01 | Create | Villager (Male) |
| 0:01 | Create | Villager (Male) |
| 0:02 | Build | House |
| 0:04 | Build | House |
| 0:26 | Create | Villager (Male) |
| 1:29 | Create | Villager (Male) |
| 1:29 | Create | Villager (Male) |
| 1:46 | Build | Lumber Camp |
| 1:52 | Build | Lumber Camp |
| 1:56 | Create | Villager (Male) |
| 1:58 | Create | Villager (Male) |
| 1:58 | Create | Villager (Male) |
| 2:31 | Create | Villager (Male) |
| 3:06 | Create | Villager (Male) |
| 3:06 | Create | Villager (Male) |
| 3:17 | Create | Villager (Male) |
| 3:49 | Build | House |
| 3:54 | Create | Villager (Male) |
| 4:28 | Create | Villager (Male) |
| 4:35 | Create | Villager (Male) |
| 5:18 | Create | Villager (Male) |
| 5:48 | Create | Villager (Male) |
| 6:00 | Build | House |
| 6:10 | Create | Villager (Male) |
| 6:26 | Create | Villager (Male) |
| 6:52 | Create | Villager (Male) |
| 7:00 | Build | Mill |
| 7:07 | Create | Villager (Male) |
| 7:43 | Create | Villager (Male) |
| 8:15 | Build | Mill |
| 8:19 | Create | Villager (Male) |
| 8:24 | Build | Mining Camp |
| 8:28 | Research | Feudal Age |
| 8:48 | Create | Villager (Male) |
| 8:48 | Create | Villager (Male) |
| 9:02 | Create | Villager (Male) |
| 9:19 | Build | House |
| 9:20 | Build | Barracks |
| 9:31 | Build | Barracks |
| 10:56 | Age | Feudal Age |
| 10:58 | Build | Stable |
| 11:01 | Build | Blacksmith |
| 11:45 | Research | Castle Age |
| 11:45 | Research | Castle Age |
| 11:58 | Build | House |
| 11:59 | Build | House |
| 12:09 | Create | Scout Cavalry |
| 12:45 | Create | Villager (Male) |
| 12:49 | Research | Double-Bit Axe |
| 12:55 | Create | Scout Cavalry |
| 13:34 | Create | Scout Cavalry |
| 13:38 | Build | Farm |
| 13:39 | Build | Farm |
| 13:46 | Create | Villager (Male) |
| 13:56 | Create | Scout Cavalry |
| 14:10 | Build | Farm |
| 14:11 | Build | Farm |
| 14:26 | Age | Castle Age |
| 14:28 | Create | Villager (Male) |
| 14:35 | Build | Town Center |
| 14:41 | Build | Town Center |
| 14:50 | Create | Villager (Male) |
| 14:53 | Build | Farm |
| 14:54 | Build | Farm |
| 15:00 | Create | Villager (Male) |
| 15:34 | Research | Bow Saw |
| 15:39 | Create | Villager (Male) |
| 15:39 | Create | Villager (Male) |
| 15:44 | Build | Farm |
| 15:48 | Create | Villager (Male) |
| 15:48 | Create | Villager (Male) |
| 15:52 | Build | Farm |
| 15:53 | Build | Farm |
| 16:00 | Create | Villager (Male) |
| 16:00 | Create | Villager (Male) |
| 16:12 | Create | Villager (Male) |
| 16:15 | Build | Farm |
| 16:32 | Create | Villager (Male) |
| 16:32 | Create | Villager (Male) |
| 16:44 | Create | Villager (Male) |
| 16:44 | Create | Villager (Male) |
| 17:07 | Create | Villager (Male) |
| 17:07 | Create | Villager (Male) |
| 17:13 | Build | Siege Workshop |
| 17:20 | Build | House |
| 17:27 | Build | Farm |
| 17:28 | Build | Farm |
| 17:31 | Build | Farm |
| 17:32 | Build | Farm |
| 17:35 | Build | Farm |
| 17:36 | Create | Villager (Male) |
| 17:37 | Create | Villager (Male) |
| 17:55 | Create | Iron Pagoda |
| 18:04 | Create | Scorpion |
| 18:04 | Create | Scorpion |
| 18:10 | Build | House |
| 18:12 | Build | House |
| 18:13 | Build | House |
| 18:23 | Create | Villager (Male) |
| 18:24 | Create | Villager (Male) |
| 18:25 | Create | Villager (Male) |
| 18:25 | Create | Villager (Male) |
| 18:36 | Create | Villager (Male) |
| 18:57 | Build | House |
| 19:03 | Create | Villager (Male) |
| 19:03 | Create | Villager (Male) |
| 19:08 | Build | Town Center |
| 19:12 | Build | Lumber Camp |
| 19:15 | Create | Scorpion |
| 19:18 | Build | House |
| 19:20 | Create | Villager (Male) |
| 19:21 | Create | Villager (Male) |
| 19:34 | Create | Villager (Male) |
| 19:37 | Create | Scorpion |
| 19:42 | Build | University |
| 20:19 | Create | Scorpion |
| 20:20 | Create | Villager (Male) ×5 |
| 20:25 | Build | Stone Wall |
| 21:07 | Create | Villager (Male) |
| 21:07 | Create | Villager (Male) |
| 21:14 | Create | Villager (Male) |
| 21:16 | Create | Villager (Male) |
| 21:16 | Create | Villager (Male) |
| 21:36 | Create | Villager (Male) |
| 21:37 | Create | Villager (Male) |
| 21:46 | Build | Palisade Wall |
| 21:56 | Create | Villager (Male) |
| 21:56 | Create | Villager (Male) |
| 21:56 | Create | Villager (Male) |
| 22:13 | Create | Villager (Male) |
| 22:38 | Build | Farm |
| 22:41 | Create | Scorpion |
| 23:08 | Create | Villager (Male) |
| 23:15 | Create | Villager (Male) |
| 23:20 | Build | House |
| 23:21 | Build | House |
| 23:33 | Build | Stone Wall |
| 23:40 | Create | Villager (Male) |
| 23:40 | Create | Villager (Male) |
| 23:56 | Build | House |
| 24:34 | Create | Villager (Male) |
| 24:34 | Create | Villager (Male) |
| 24:50 | Build | Farm |
| 24:55 | Create | Villager (Male) |
| 24:55 | Create | Villager (Male) |
| 25:15 | Build | Castle |
| 25:26 | Build | Stone Wall |
| 26:07 | Create | Villager (Male) ×2 |
| 26:32 | Research | Loom |
Build order — 不会玩游戏
First 150 of 473 actions detected
| 0:01 | Create | Villager (Male) |
| 0:01 | Create | Villager (Male) |
| 0:02 | Build | House |
| 0:03 | Build | House |
| 0:20 | Create | Villager (Male) |
| 0:21 | Create | Villager (Male) |
| 1:23 | Create | Villager (Male) |
| 1:23 | Create | Villager (Male) |
| 1:46 | Build | Lumber Camp |
| 1:55 | Create | Villager (Male) |
| 2:25 | Create | Villager (Male) |
| 2:50 | Create | Villager (Male) |
| 2:51 | Create | Villager (Male) |
| 3:29 | Build | House |
| 3:48 | Create | Villager (Male) |
| 3:58 | Build | Mill |
| 4:00 | Create | Villager (Male) |
| 4:36 | Create | Villager (Male) |
| 4:36 | Create | Villager (Male) |
| 5:00 | Create | Villager (Male) |
| 5:28 | Create | Villager (Male) |
| 5:59 | Create | Villager (Male) |
| 6:17 | Create | Villager (Male) |
| 6:23 | Build | House |
| 6:26 | Build | Mining Camp |
| 6:46 | Create | Villager (Male) |
| 6:48 | Create | Villager (Male) |
| 6:50 | Create | Villager (Male) |
| 7:23 | Build | Mill |
| 7:36 | Build | House |
| 8:25 | Research | Feudal Age |
| 8:42 | Create | Villager (Male) |
| 8:46 | Create | Villager (Male) |
| 10:38 | Age | Feudal Age |
| 10:40 | Build | Blacksmith |
| 10:41 | Build | Market |
| 11:19 | Build | Farm |
| 11:19 | Build | Farm |
| 11:34 | Research | Castle Age |
| 11:34 | Research | Castle Age |
| 12:08 | Research | Double-Bit Axe |
| 12:18 | Build | Lumber Camp |
| 12:52 | Build | House |
| 12:53 | Build | House |
| 12:54 | Build | House |
| 12:56 | Build | House |
| 12:57 | Build | House |
| 13:07 | Research | Horse Collar |
| 14:14 | Age | Castle Age |
| 14:16 | Build | Town Center |
| 14:20 | Build | Monastery |
| 14:55 | Create | Villager (Male) |
| 14:56 | Create | Villager (Male) |
| 15:01 | Build | Town Center |
| 15:08 | Research | Town Watch |
| 15:10 | Research | Wheelbarrow |
| 15:22 | Create | Villager (Male) |
| 15:39 | Build | Farm |
| 15:39 | Build | Farm |
| 15:39 | Build | Farm |
| 15:39 | Build | Farm |
| 16:00 | Build | Farm |
| 16:06 | Create | Villager (Male) ×2 |
| 16:28 | Build | Barracks |
| 16:39 | Create | Villager (Male) |
| 17:00 | Build | Farm |
| 17:02 | Create | Villager (Male) |
| 17:11 | Build | Farm |
| 17:14 | Build | Farm |
| 17:21 | Create | Villager (Male) |
| 17:22 | Create | Villager (Male) |
| 17:27 | Build | Barracks |
| 17:35 | Build | House |
| 17:36 | Build | House |
| 17:43 | Build | Farm |
| 17:53 | Build | Farm |
| 17:58 | Build | Farm |
| 18:00 | Create | Villager (Male) ×2 |
| 18:06 | Build | Farm |
| 18:06 | Build | Farm |
| 18:16 | Create | Villager (Male) |
| 18:17 | Create | Villager (Male) |
| 18:24 | Research | Fervor |
| 18:28 | Build | Farm |
| 18:32 | Create | Villager (Male) |
| 18:46 | Build | House |
| 18:47 | Build | House |
| 18:50 | Create | Villager (Male) |
| 18:55 | Create | Spearman |
| 19:00 | Create | Villager (Male) |
| 19:00 | Create | Villager (Male) |
| 19:05 | Build | Farm |
| 19:10 | Build | Farm |
| 19:13 | Create | Villager (Male) |
| 19:13 | Create | Villager (Male) |
| 19:21 | Build | Farm |
| 19:21 | Build | Farm |
| 19:23 | Create | Villager (Male) |
| 19:23 | Create | Villager (Male) |
| 19:27 | Build | Farm |
| 19:27 | Build | Farm |
| 19:36 | Create | Spearman |
| 19:40 | Create | Villager (Male) |
| 19:40 | Create | Villager (Male) |
| 19:47 | Build | House |
| 19:48 | Build | House |
| 19:49 | Build | House |
| 19:54 | Create | Villager (Male) ×2 |
| 20:08 | Build | Farm |
| 20:09 | Build | Farm |
| 20:12 | Create | Villager (Male) ×2 |
| 20:16 | Build | Farm |
| 20:18 | Build | Farm |
| 20:23 | Create | Villager (Male) |
| 20:26 | Create | Spearman ×2 |
| 20:34 | Build | Farm |
| 20:36 | Create | Villager (Male) |
| 20:43 | Build | House |
| 20:44 | Build | House |
| 20:46 | Create | Villager (Male) ×2 |
| 20:51 | Create | Spearman |
| 20:52 | Create | Spearman |
| 20:52 | Create | Spearman |
| 21:05 | Create | Villager (Male) ×2 |
| 21:18 | Build | House |
| 21:19 | Build | House |
| 21:22 | Research | Pikeman (upgrade) |
| 21:29 | Create | Villager (Male) ×2 |
| 21:32 | Build | Farm |
| 21:44 | Create | Spearman |
| 21:45 | Create | Villager (Male) ×2 |
| 21:54 | Build | Farm |
| 21:55 | Build | Farm |
| 22:02 | Create | Spearman |
| 22:02 | Create | Spearman |
| 22:03 | Create | Villager (Male) ×3 |
| 22:10 | Build | Farm |
| 22:10 | Build | Farm |
| 22:10 | Build | Farm |
| 22:16 | Build | Farm |
| 22:18 | Build | Farm |
| 22:21 | Create | Villager (Male) ×2 |
| 22:26 | Create | Spearman |
| 22:26 | Create | Spearman |
| 22:34 | Build | Farm |
| 22:46 | Create | Villager (Male) ×5 |
| 22:48 | Build | Farm |
| 22:57 | Create | Monk |
| 22:59 | Create | Villager (Male) ×2 |
| 23:10 | Create | Villager (Male) ×3 |
Match timeline
| 0:58 | zhayedan · wall_segment Palisade Wall x1 |
| 1:11 | zhayedan · wall_segment Palisade Wall x1 |
| 1:14 | zhayedan · wall_segment Palisade Wall x1 |
| 1:16 | zhayedan · wall_segment Palisade Wall x1 |
| 1:21 | zhayedan · wall_segment Palisade Wall x1 |
| 1:22 | zhayedan · wall_segment Palisade Wall x1 |
| 1:26 | zhayedan · wall_segment Palisade Wall x1 |
| 1:30 | zhayedan · wall_segment Palisade Wall x1 |
| 1:35 | zhayedan · wall_segment Palisade Wall x1 |
| 1:41 | zhayedan · wall_segment Palisade Wall x1 |
| 1:45 | zhayedan · wall_segment Palisade Wall x1 |
| 1:49 | zhayedan · wall_segment Palisade Wall x1 |
| 9:20 | TheGrainmaker · first_building Barracks |
| 10:37 | 垃圾小士兵 · age_up feudal |
| 10:38 | 不会玩游戏 · age_up feudal |
| 10:43 | 星_梦 · age_up feudal |
| 10:56 | TheGrainmaker · age_up feudal |
| 10:58 | TheGrainmaker · first_building Stable |
| 11:35 | F&M · age_up feudal |
| 11:39 | DQN · age_up feudal |
| 11:40 | 星_梦 · first_market_sell 100 stone |
| 11:47 | zhayedan · age_up feudal |
| 12:32 | zhayedan · first_market_sell 100 food |
| 13:02 | JERRY · age_up feudal |
| 14:14 | 垃圾小士兵 · age_up castle |
| 14:14 | 不会玩游戏 · age_up castle |
| 14:20 | 不会玩游戏 · first_building Monastery |
| 14:21 | 星_梦 · age_up castle |
| 14:26 | TheGrainmaker · age_up castle |
| 14:29 | 垃圾小士兵 · first_building Castle |
| 15:05 | F&M · age_up castle |
| 15:16 | DQN · age_up castle |
| 15:18 | zhayedan · age_up castle |
| 15:22 | zhayedan · first_building Castle |
| 15:23 | F&M · first_market_buy 100 wood |
| 15:29 | F&M · first_building Monastery |
| 16:28 | 不会玩游戏 · first_building Barracks |
| 16:55 | zhayedan · first_building Barracks |
| 17:13 | TheGrainmaker · first_building Siege Workshop |
| 17:59 | zhayedan · first_building Stable |
| 18:37 | JERRY · age_up castle |
| 18:47 | JERRY · first_building Siege Workshop |
| 20:25 | TheGrainmaker · wall_segment Stone Wall x11 |
| 20:29 | 垃圾小士兵 · first_building Siege Workshop |
| 20:31 | DQN · first_building Barracks |
| 20:39 | zhayedan · first_market_buy 100 food |
| 21:44 | JERRY · first_building Barracks |
| 21:46 | TheGrainmaker · wall_segment Palisade Wall x1 |
| 22:09 | 星_梦 · first_building Siege Workshop |
| 22:12 | DQN · first_building Archery Range |
| 22:38 | 垃圾小士兵 · first_market_buy 100 stone |
| 22:40 | 垃圾小士兵 · first_market_sell 100 wood |
| 23:33 | TheGrainmaker · wall_segment Stone Wall x1 |
| 23:42 | 星_梦 · first_building Barracks |
| 24:12 | DQN · first_building Siege Workshop |
| 24:21 | F&M · first_market_sell 100 food |
| 24:29 | DQN · first_building Stable |
| 24:39 | F&M · first_building Barracks |
| 24:40 | 星_梦 · first_building Stable |
| 24:49 | F&M · first_building Castle |
| 24:53 | 星_梦 · first_market_buy 100 stone |
| 24:59 | 不会玩游戏 · first_building Castle |
| 25:08 | 星_梦 · first_building Castle |
| 25:09 | JERRY · tribute_sent a jugador 1 |
| 25:09 | JERRY · tribute_sent a jugador 2 |
| 25:09 | JERRY · tribute_sent a jugador 4 |
| 25:09 | JERRY · tribute_sent a jugador 5 |
| 25:09 | JERRY · tribute_sent a jugador 6 |
| 25:09 | JERRY · tribute_sent a jugador 7 |
| 25:09 | JERRY · tribute_sent a jugador 8 |
| 25:15 | TheGrainmaker · first_building Castle |
| 25:26 | TheGrainmaker · wall_segment Stone Wall x1 |
| 25:41 | F&M · first_building Stable |
| 26:16 | 不会玩游戏 · first_building Siege Workshop |
| 27:14 | 星_梦 · age_up imperial |
| 27:41 | 不会玩游戏 · first_market_sell 100 food |
| 27:45 | JERRY · first_building Castle |
| 27:50 | F&M · age_up imperial |
| 28:11 | TheGrainmaker · wall_segment Stone Wall x1 |
| 28:12 | TheGrainmaker · wall_segment Stone Wall x1 |
| 28:30 | zhayedan · first_building Archery Range |
| 28:37 | DQN · age_up imperial |
| 28:59 | DQN · first_market_sell 100 food |
| 29:50 | 不会玩游戏 · first_building Archery Range |
| 31:11 | 不会玩游戏 · age_up imperial |
| 31:23 | zhayedan · age_up imperial |
| 31:35 | TheGrainmaker · first_market_buy 100 stone |
| 32:01 | F&M · first_building Siege Workshop |
| 32:55 | TheGrainmaker · wall_segment Palisade Wall x1 |
| 33:01 | TheGrainmaker · wall_segment Palisade Wall x1 |
| 33:57 | JERRY · age_up imperial |
| 34:29 | 垃圾小士兵 · first_building Barracks |
| 34:38 | 垃圾小士兵 · age_up imperial |
| 36:29 | DQN · first_building Castle |
| 36:52 | JERRY · tribute_sent a jugador 1 |
| 36:52 | JERRY · tribute_sent a jugador 2 |
| 36:52 | JERRY · tribute_sent a jugador 4 |
| 36:52 | JERRY · tribute_sent a jugador 5 |
| 36:52 | JERRY · tribute_sent a jugador 6 |
| 36:52 | JERRY · tribute_sent a jugador 7 |
| 36:52 | JERRY · tribute_sent a jugador 8 |
| 38:13 | TheGrainmaker · first_market_sell 100 wood |
| 38:32 | zhayedan · first_building Siege Workshop |
| 38:39 | 不会玩游戏 · wall_segment Stone Wall x5 |
| 39:18 | 垃圾小士兵 · first_building Stable |
| 39:30 | JERRY · tribute_sent a jugador 1 |
| 39:30 | JERRY · tribute_sent a jugador 2 |
| 39:30 | JERRY · tribute_sent a jugador 4 |
| 39:30 | JERRY · tribute_sent a jugador 5 |
| 39:30 | JERRY · tribute_sent a jugador 6 |
| 39:30 | JERRY · tribute_sent a jugador 7 |
| 39:30 | JERRY · tribute_sent a jugador 8 |
| 40:27 | 星_梦 · tribute_sent a jugador 1 |
| 40:27 | 星_梦 · tribute_sent a jugador 2 |
| 40:27 | 星_梦 · tribute_sent a jugador 3 |
| 40:27 | 星_梦 · tribute_sent a jugador 5 |
| 40:27 | 星_梦 · tribute_sent a jugador 6 |
| 40:27 | 星_梦 · tribute_sent a jugador 7 |
| 40:27 | 星_梦 · tribute_sent a jugador 8 |
| 40:44 | 不会玩游戏 · first_market_buy 100 stone |
| 42:53 | 不会玩游戏 · wall_segment Stone Wall x3 |
| 43:20 | 星_梦 · tribute_sent a jugador 1 |
| 43:20 | 星_梦 · tribute_sent a jugador 2 |
| 43:20 | 星_梦 · tribute_sent a jugador 3 |
| 43:20 | 星_梦 · tribute_sent a jugador 5 |
| 43:20 | 星_梦 · tribute_sent a jugador 6 |
| 43:20 | 星_梦 · tribute_sent a jugador 7 |
| 43:20 | 星_梦 · tribute_sent a jugador 8 |
| 48:17 | 不会玩游戏 · tribute_sent a jugador 1 |
| 48:17 | 不会玩游戏 · tribute_sent a jugador 2 |
| 48:17 | 不会玩游戏 · tribute_sent a jugador 3 |
| 48:17 | 不会玩游戏 · tribute_sent a jugador 4 |
| 48:17 | 不会玩游戏 · tribute_sent a jugador 5 |
| 48:17 | 不会玩游戏 · tribute_sent a jugador 6 |
| 48:17 | 不会玩游戏 · tribute_sent a jugador 7 |
| 50:28 | 星_梦 · tribute_sent a jugador 1 |
| 50:28 | 星_梦 · tribute_sent a jugador 2 |
| 50:28 | 星_梦 · tribute_sent a jugador 3 |
| 50:28 | 星_梦 · tribute_sent a jugador 5 |
| 50:28 | 星_梦 · tribute_sent a jugador 6 |
| 50:28 | 星_梦 · tribute_sent a jugador 7 |
| 50:28 | 星_梦 · tribute_sent a jugador 8 |
| 52:02 | zhayedan · wall_segment Stone Wall x1 |
| 52:07 | zhayedan · wall_segment Stone Wall x1 |
| 52:27 | 不会玩游戏 · tribute_sent a jugador 1 |
| 52:27 | 不会玩游戏 · tribute_sent a jugador 2 |
| 52:27 | 不会玩游戏 · tribute_sent a jugador 3 |
| 52:27 | 不会玩游戏 · tribute_sent a jugador 4 |
| 52:27 | 不会玩游戏 · tribute_sent a jugador 5 |
| 52:27 | 不会玩游戏 · tribute_sent a jugador 6 |
| 52:27 | 不会玩游戏 · tribute_sent a jugador 7 |
| 53:23 | F&M · resign |
| 60:15 | 星_梦 · tribute_sent a jugador 1 |
| 60:15 | 星_梦 · tribute_sent a jugador 2 |
| 60:15 | 星_梦 · tribute_sent a jugador 3 |
| 60:15 | 星_梦 · tribute_sent a jugador 5 |
| 60:15 | 星_梦 · tribute_sent a jugador 6 |
| 60:15 | 星_梦 · tribute_sent a jugador 7 |
| 60:15 | 星_梦 · tribute_sent a jugador 8 |
| 60:52 | 星_梦 · tribute_sent a jugador 1 |
| 60:52 | 星_梦 · tribute_sent a jugador 2 |
| 60:52 | 星_梦 · tribute_sent a jugador 3 |
| 60:52 | 星_梦 · tribute_sent a jugador 5 |
| 60:52 | 星_梦 · tribute_sent a jugador 6 |
| 60:52 | 星_梦 · tribute_sent a jugador 7 |
| 60:52 | 星_梦 · tribute_sent a jugador 8 |
[ AI ANALYSIS · 1 CREDIT ]
What really happened in this match?
Wolo.gg analyzes every decision: build order, eco, micro, common mistakes by bracket. Personalized analysis on WhatsApp or Discord in 30 seconds.
Civ guide
Goths
Perfil
Jugador #18743261